 Dungeon Crawl Stone Soup version 0.31.0-32-g396128a36d (webtiles) character file.

Game seed: 4840333549149789450

3 FexLirch the Grasshopper (level 1, -2/16 HPs)
             Began as a Formicid Warper on Mar 13, 2024.
             Slain by a kobold
             ... wielding a +0 short sword
              (4 damage)
             ... on level 1 of the Dungeon.
             The game lasted 00:01:11 (82 turns).

FexLirch the Grasshopper (Formicid Warper)            Turns: 82, Time: 00:01:11

Health: -2/16      AC:  3    Str: 15    XL:     1   Next: 55%
Magic:  3/3        EV: 11    Int: 12    God:
Gold:   13         SH:  0    Dex: 13    Spells: 4/4 levels left

rFire   . . .        a - +0 hand axe
rCold   . . .        (no shield)
rNeg    . . .        b - +0 leather armour
rPois   .            (helmet unavailable)
rElec   .            (no cloak)
rCorr   .            (no gloves)
SInv    +            (no boots)
Will    .....        (no amulet)
Stlth   +            (no ring)
HPRegen 0.22/turn    (no ring)
MPRegen 0.08/turn

%: no passive effects
@: no status effects
A: permanent stasis, dig shafts and tunnels, antennae 3, four strong arms
a: Dig, Shaft Self


You were on level 1 of the Dungeon.
You visited 1 branch of the dungeon, and saw 1 of its levels.

You collected 13 gold pieces.

Inventory:

Hand Weapons
 a - a +0 hand axe (weapon)
Missiles
 c - 6 darts of dispersal (quivered)
Armour
 b - a +0 leather armour (worn)
Scrolls
 d - a scroll of poison {unknown}
Potions
 e - a potion of ambrosia {unknown}


   Skills:
 + Level 2.2 Fighting
 - Level 2.0 Axes
 + Level 0.2(1.2) Maces & Flails
 - Level 1.0 Throwing
 + Level 1.3 Armour
 + Level 1.8 Dodging
 - Level 2.1 Spellcasting
 - Level 2.6 Translocations


You had 4 spell levels left.
You didn't know any spells.
Your spell library contained the following spells:

 Spells                   Type           Power      Damage    Failure   Level
 Lesser Beckoning         Tloc           14%        N/A       17%         2
 Teleport Other           Tloc           7%         N/A       32%         3
 Ensorcelled Hibernation  Hex/Ice        2%         N/A       45%         2
 Passwall                 Erth           1%         N/A       69%         3
 Manifold Assault         Tloc           7%         N/A       73%         4
 Blink                    Tloc           Unusable   N/A       N/A         2
 Swiftness                Air            Unusable   N/A       N/A         3
 Vhi's Electric Charge    Tloc/Air       Unusable   N/A       N/A         4

Dungeon Overview and Level Annotations

Branches:
Dungeon (1/15)

Altars:


Innate Abilities, Weirdness & Mutations

You cannot be hasted, slowed, berserked, paralysed or teleported.
You can dig through walls and to a lower floor.
You have a pair of large antennae on your head. (SInv)
Your four strong arms can wield two-handed weapons with a shield.


Message History

The bat barely misses you.
The kobold throws a stone.
The stone closely misses you.
You feel sick. The bat hits you.
You are too injured to fight recklessly!
You miss the bat.
You feel sick. The bat hits you but does no damage. x2
You barely miss the bat.
You feel sick. The bat hits you but does no damage. x2
The bat hits you.
* * * LOW HITPOINT WARNING * * *
You barely miss the bat.
* * * LOW HITPOINT WARNING * * *
You feel sick. The bat hits you but does no damage. The bat closely misses you.
Okay, then.
Unknown command.
You don't know any spells.
Unknown command.
Unknown command.
Okay, then.
Unknown command.
Unknown command.
Throw: 7 darts (disperse)
Press: ? - help, Q - select action, (/) - cycle Shift-Dir - straight line, f - bat
Aim: a bat (37% to hit)
Okay, then.
Unknown command.
You hit the bat.
You kill the bat!
You feel sick.
You are no longer poisoned.
The ball python closely misses you. The ball python barely misses you.
You hit the ball python.
You kill the ball python!
The kobold throws a stone.
The stone completely misses you.
Throw: 7 darts (disperse)
Press: ? - help, Q - select action, (/) - cycle Shift-Dir - straight line, f - kobold
Aim: a kobold, wielding a +0 short sword and quivering stones (45% to hit)
You throw a dart of dispersal.
The dart of dispersal closely misses the kobold.
You hit the kobold but do no damage. The kobold misses you.
The kobold hits you with a +0 short sword.
You die...

#........!#
#.........#
#.........#
#........$#
#.........##.
#..?......#..
#.....)$..#.# #K#
#.# #@# #.### .# .
#.# #.##≈###.# #
#.###.###~# #.# #
#........#≈# #.# #
#.#.....###≈≈ #.##
#.#.###.## ##≈≈#.~
#....##..# #####~.
#....###.≈.......~
#....# #########~.


You could see a kobold.

Vanquished Creatures
  A kobold (D:1)
  A ball python (D:1)
  2 bats (D:1)
4 creatures vanquished.

Notes
Turn   | Place    | Note
-------+----------+-------------------------------------------
     0 | D:1      | FexLirch the Formicid Warper began the quest for the Orb.
     0 | D:1      | Reached XP level 1. HP: 16/16 MP: 3/3
    82 | D:1      | Slain by a kobold

Illustrated notes

Levels and vault maps discovered:
D:1:      spicycebolla_arrival_xxxplode, layout_rooms

Action                     || total
---------------------------++-------
  Melee: Hand axe          ||    10
  Throw: Dart              ||     1
 Armour: Leather armour    ||    14
  Dodge: Dodged            ||     8
